 Dungeon Crawl Stone Soup version 0.30.1-11-g7821555f0a (webtiles) character file.

Game seed: 9093763114360405545

150 Martska the Covered (level 5, 0/63 HPs)
             Began as a Human Fighter on Dec 1, 2023.
             Succumbed to a scorpion's poison
             ... on level 3 of the Dungeon.
             The game lasted 00:03:22 (1669 turns).

Martska the Covered (Human Fighter)                 Turns: 1669, Time: 00:03:22

Health: 0/63       AC:  8    Str: 18    XL:     5   Next: 58%
Magic:  5/5        EV: 10    Int:  8    God:
Gold:   103        SH:  7    Dex: 13    Spells: 4/4 levels left

rFire   . . .        a - +0 trident
rCold   . . .        d - +2 buckler
rNeg    . . .        b - +0 scale mail
rPois   .            (no helmet)
rElec   .            (no cloak)
rCorr   .            (no gloves)
SInv    .            l - +0 pair of boots
Will    .....        (no amulet) Stlth
                     (no ring)
HPRegen 0.30/turn    (no ring)
MPRegen 0.09/turn

%: no passive effects
@: berserking, lethally poisoned (0 -> -11), hasted, very quick
A: no striking features
a: no special abilities


You were on level 3 of the Dungeon.
You visited 1 branch of the dungeon, and saw 3 of its levels.

You collected 103 gold pieces.

Inventory:

Hand Weapons
 a - a +0 trident (weapon)
Armour
 b - a +0 scale mail (worn)
 c - a +0 buckler
 d - a +2 buckler (worn)
 l - a +0 pair of boots (worn)
Jewellery
 j - an amulet of faith
Wands
 n - a wand of iceblast (7)
Scrolls
 e - a scroll of immolation
 f - a scroll of enchant weapon {unknown}
 h - a scroll of vulnerability {unknown}
 k - a scroll of identify
 m - a scroll of poison {unknown}
Potions
 i - a potion of haste


   Skills:
 * Level 3.7 Fighting
 * Level 2.9 Polearms
 * Level 3.7 Armour
 * Level 1.9 Dodging
 * Level 3.7 Shields


You had 4 spell levels left.
You didn't know any spells.
Your spell library contained the following spells:

 Spells                   Type           Power      Damage    Failure   Level
 Beastly Appendage        Tmut           0%         N/A       86%         1
 Wereblood                Tmut           0%         N/A       95%         2
 Spider Form              Tmut/Pois      0%         N/A       99%         3


Dungeon Overview and Level Annotations

Branches:
Dungeon (3/15)

Altars:

Annotations:
D:2 Sigmund


Message History

The scorpion is heavily wounded.
The scorpion barely misses you.
You barely miss the scorpion.
The scorpion is heavily wounded.
You block the scorpion's attack.
You barely miss the scorpion.
The scorpion is heavily wounded.
You block the scorpion's attack. The scorpion closely misses you.
You hit the scorpion.
The scorpion is almost dead.
The scorpion stings you.
You are poisoned.
The scorpion poisons you!
You hit the scorpion but do no damage.
The scorpion is almost dead.
You feel very sick. The scorpion stings you.
You barely miss the scorpion.
The scorpion is almost dead.
You feel very sick.
The scorpion stings you but does no damage.
The scorpion closely misses you.
You closely miss the scorpion.
The scorpion is almost dead.
You feel sick. The scorpion stings you.
* * * LOW HITPOINT WARNING * * *
You are lethally poisoned!
The scorpion poisons you!
You hit the scorpion.
You kill the scorpion!
* * * LOW HITPOINT WARNING * * *
You feel very sick.
You have reached level 5!
It was a potion of haste.
You feel yourself speed up.
* * * LOW HITPOINT WARNING * * *
You feel very sick.
It was a potion of berserk rage.
A red film seems to cover your vision as you go berserk!
You feel yourself moving faster!
You feel mighty!
You die...

.................#####..#
#############...........#
#....######.##
#....###.....#
#............#
#............#
#.......<....#
#####.........#
#..†@.....##+##
#.........# #.....(...#
#.........# ###########


There were no monsters in sight!

Vanquished Creatures
  A scorpion (D:3)
  Terence (D:2)
  Robin (D:2)
  2 dart slugs
  An orc (D:2)
  4 bats
  3 endoplasms
  A giant cockroach (D:3)
  8 goblins
  8 hobgoblins
  7 jackals (D:2)
  3 kobolds
  A quokka (D:1)
  A ball python (D:3)
  2 frilled lizards
  2 rats (D:1)
46 creatures vanquished.

Notes
Turn   | Place    | Note
-------+----------+-------------------------------------------
     0 | D:1      | Martska the Human Fighter began the quest for the Orb.
     0 | D:1      | Reached XP level 1. HP: 18/18 MP: 1/1
   188 | D:1      | Reached XP level 2. HP: 24/24 MP: 2/2
   389 | D:1      | You fall into a shaft and drop 1 floor!
   761 | D:2      | Reached XP level 3. HP: 29/29 MP: 3/3
   802 | D:2      | Reached skill level 1 in Dodging
   822 | D:2      | Noticed Robin
   853 | D:2      | Killed Robin
   854 | D:2      | Reached XP level 4. HP: 8/35 MP: 4/4
  1049 | D:2      | Noticed Terence
  1060 | D:2      | Killed Terence
  1256 | D:2      | Noticed Sigmund
  1653 | D:3      | Noticed a scorpion
  1667 | D:3      | Killed a scorpion
  1668 | D:3      | Reached XP level 5. HP: 5/42 MP: 5/5
  1668 | D:3      | HP: 1/42 [poisoned by a scorpion]
  1669 | D:3      | Succumbed to a scorpion's poison

Illustrated notes

Levels and vault maps discovered:
D:1:      scummos_arrival_star, layout_basic
D:2:      layout_loops_ring, corexii_shack, nrook_campfire, uniq_robin,
          uniq_sigmund, uniq_terence
D:3:      layout_basic, mainiacjoe_overflow_tiny_flanked,
          shapermc_ecumenical_altar_hornbeckon

Skill      XL: |  1  2  3 |
---------------+----------+-----
Dodging        | 1 |  1.9
Fighting       | |  3.7
Polearms       | |  2.9
Armour         | |  3.7
Shields        | |  3.7

Action                     |  1- 3 |  4- 6 || total
---------------------------+-------+-------++-------
  Melee: Trident           |   110 |    63 ||   173
    Use: Potion            |     1 |     5 ||     6
         Scroll            |       |     2 ||     2
 Armour: Scale mail        |    70 |    19 ||    89
  Dodge: Dodged            |    45 |    23 ||    68
  Block: Buckler           |    31 |    13 ||    44
